 Dungeon Crawl Stone Soup version 0.30-b1-2-g02819fbbbe (webtiles) character file.

Game seed: 5134081582122354202

984 raph the Carver (level 7, -1/93 HPs)
             Began as a Minotaur Berserker on Jan 1, 2024.
             Was a Believer of Trog.
             Splashed by a jelly's acid (9 damage)
             ... on level 5 of the Dungeon.
             The game lasted 00:05:58 (4508 turns).

raph the Carver (Minotaur Berserker)                Turns: 4508, Time: 00:05:58

Health: -1/93      AC: -5    Str: 21    XL:     7   Next: 97%
Magic:  6/6        EV: 12    Int:  4    God:    Trog [**....]
Gold:   955        SH: 13    Dex: 12    Spells: 6/6 levels left

rFire   . . .        a - +1 falchion
rCold   . . .        e - +0 tower shield
rNeg    . . .        r - +0 scale mail
rPois   .            (helmet restricted)
rElec   .            (no cloak)
rCorr   .            (no gloves)
SInv    .            (no boots)
Will    .....        j - amulet of regeneration Stlth
                     o - +5 ring of evasion
HPRegen 1.15/turn    (no ring)
MPRegen 0.10/turn

%: no passive effects
@: berserking, corroded, very quick
A: horns 2, retaliatory headbutt
a: Renounce Religion, Berserk, Trog's Hand


You were on level 5 of the Dungeon.
You worshipped Trog.
Trog was pleased with you.
You visited 1 branch of the dungeon, and saw 5 of its levels.

You collected 955 gold pieces.

Inventory:

Hand Weapons
 a - a +1 falchion (weapon)
Missiles
 l - 4 poisoned darts (quivered)
Armour
 e - a +0 tower shield (worn)
 r - a +0 scale mail (worn)
Jewellery
 j - an amulet of regeneration (around neck)
 o - a +5 ring of evasion (left hand)
Wands
 b - a wand of mindburst (2)
 n - a wand of polymorph (4)
Scrolls
 c - a scroll of immolation
 d - a scroll of torment {unknown}
 h - a scroll of teleportation
Potions
 g - 2 potions of might
 i - a potion of lignification
 k - a potion of curing
 m - a potion of mutation
 p - a potion of attraction {unknown}
 q - a potion of haste


   Skills:
 + Level 5.9 Fighting
 * Level 9.0 Long Blades
 - Level 2.4 Armour
 - Level 2.1 Dodging
 + Level 5.4 Shields


You had 6 spell levels left.
You didn't know any spells.
Your spell library was empty.

Dungeon Overview and Level Annotations

Branches:
Dungeon (5/15)             Temple (0/1) D:4

Altars:
Cheibriados
Gozag


Innate Abilities, Weirdness & Mutations

You have a pair of horns on your head.
You reflexively headbutt those who attack you in melee.


Message History

Your Long Blades skill increases to level 9!
You barely miss the jelly. You block the jelly's attack.
You hit the jelly.
Your hands burn!
The jelly is lightly wounded.
The jelly hits you. The acid corrodes you!
You are splashed with acid!
You hit the jelly. The acid corrodes you!
Your hands burn!
You headbutt the jelly, but do no damage.
The jelly is moderately wounded.
The jelly hits you.
You are splashed with acid!
You hit the jelly.
Your hands burn!
* * * LOW HITPOINT WARNING * * *
You headbutt the jelly.
The jelly is heavily wounded.
The jelly hits you.
* * * LOW HITPOINT WARNING * * *
You are splashed with acid.
* * * LOW HITPOINT WARNING * * *
You hit the jelly but do no damage. The acid corrodes you!
Your hands burn!
* * * LOW HITPOINT WARNING * * *
The jelly is heavily wounded.
You block the jelly's attack.
You hit the jelly.
Your hands burn!
* * * LOW HITPOINT WARNING * * *
The jelly is heavily wounded.
The jelly barely misses you.
You hit the jelly but do no damage.
Your hands burn!
* * * LOW HITPOINT WARNING * * *
The jelly is heavily wounded.
You block the jelly's attack.
A red film seems to cover your vision as you go berserk!
You feel yourself moving faster!
You feel mighty!
A sleepcap comes into view.
You block the jelly's attack.
You hit the jelly.
Your hands burn!
* * * LOW HITPOINT WARNING * * *
The jelly is severely wounded.
The jelly hits you.
* * * LOW HITPOINT WARNING * * *
You are splashed with acid!
You die...

8...8 #...# #...#
##...## ### ### #8...8#
#.###8# ####### ####...#
## ##.....
....#8###8##...##8###8#.
#.....
###.............@J......
##..###
###.............).......
#8..# #
........................
##..# #
....#8###8##...##8###8#f
#..### ....### ####...#
######.. ##...## .....#
#8...8# #.....# #8..##8
.....# ##...##
#.....#.##.ยง.## .###.#
#...# #.....#.##...##
.#8### #.....#.##...##


You could see a sleepcap and a jelly.

Vanquished Creatures
  A water moccasin (D:5)
  A centaur (D:5)
  An ogre (D:5)
  3 phantoms
  3 scorpions
  A howler monkey (D:4)
  A sleepcap (D:4)
  Jessica (D:3)
  Natasha (twice) (D:3)
  4 adders
  4 gnolls (D:4)
  3 worms
  3 dart slugs
  2 orcs
  5 bats
  7 endoplasms
  3 giant cockroaches
  2 goblins
  14 hobgoblins
  5 jackals
  4 quokkas
  9 ball pythons
  6 frilled lizards
  7 kobolds
  9 rats
101 creatures vanquished.

Notes
Turn   | Place    | Note
-------+----------+-------------------------------------------
     0 | D:1      | raph the Minotaur Berserker began the quest for the Orb.
     0 | D:1      | Reached XP level 1. HP: 19/19 MP: 0/0
   173 | D:1      | Reached skill level 4 in Long Blades
   261 | D:1      | Reached XP level 2. HP: 20/26 MP: 1/1
   370 | D:1      | Reached skill level 1 in Shields
   472 | D:1      | You fall into a shaft and drop 1 floor!
   871 | D:2      | Reached XP level 3. HP: 20/31 MP: 2/2
   942 | D:1      | Reached ** piety under Trog
  1330 | D:1      | Reached skill level 5 in Long Blades
  1929 | D:3      | Identified a scroll of acquirement
  1929 | D:3      | Acquired 834 gold pieces
  2202 | D:3      | Reached XP level 4. HP: 39/39 MP: 3/3
  2278 | D:3      | Noticed a scorpion
  2284 | D:3      | Killed a scorpion
  2285 | D:3      | Reached skill level 6 in Long Blades
  2464 | D:3      | Noticed Natasha
  2467 | D:3      | Killed Natasha
  2468 | D:3      | Reached XP level 5. HP: 46/46 MP: 4/4
  3049 | D:3      | Noticed Jessica
  3063 | D:3      | Killed Jessica
  3213 | D:3      | Noticed Natasha
  3220 | D:3      | Killed Natasha
  3550 | D:4      | Found an opulent altar of Gozag.
  3557 | D:4      | Reached XP level 6. HP: 41/52 MP: 5/5
  3594 | D:4      | Reached skill level 7 in Long Blades
  3602 | D:4      | Found a snail-covered altar of Cheibriados.
  3663 | D:4      | Reached skill level 5 in Fighting
  3663 | D:4      | Reached XP level 7. HP: 60/61 MP: 6/6
  3938 | D:4      | Found a staircase to the Ecumenical Temple.
  3947 | D:4      | Reached skill level 8 in Long Blades
  4071 | D:5      | Entered Level 5 of the Dungeon
  4158 | D:5      | Reached skill level 5 in Shields
  4500 | D:5      | Reached skill level 9 in Long Blades
  4508 | D:5      | Splashed by a jelly's acid

Illustrated notes

Levels and vault maps discovered:
D:1:      dpeg_arrival_rooms_c, layout_loops_corners, st_stairs_9
D:2:      layout_basic
D:3:      layout_loops_corners, grunt_ministairs_13, grunt_decor_junction,
          minivault_23, uniq_natasha, uniq_jessica
D:4:      layout_gridville, mainiacjoe_overflow_catch_the_wave,
          minmay_temple_entry_junction
D:5:      layout_basic, hellmonk_ghost_happy_afterlife, serial_corexii_hall,
          corexii_hall_statues_l, corexii_hall_statues_i,
          chequers_hall_statues_y, corexii_hall_statues_l,
          chequers_hall_statues_corner_a, corexii_hall_statues_x,
          nicolae_wormholes, uniq_menkaure

Skill      XL: |  1  2  3  4  5  6  7 |
---------------+----------------------+-----
Long Blades    | 4 5 6 7 9 |  9.0
Shields        | 1 2 3 4 5 |  5.4
Fighting       | 4 5 |  5.9
Armour         | |  2.4
Dodging        | |  2.1

Action                     |  1- 3 |  4- 6 |  7- 9 || total
---------------------------+-------+-------+-------++-------
  Melee: Falchion          |   118 |    89 |    47 ||   254
         Headbutt          |    11 |    12 |    11 ||    34
 Invoke: Berserk           |     1 |     5 |     4 ||    10
         Trog's Hand       |       |       |     1 ||     1
    Use: Scroll            |     4 |     8 |     1 ||    13
   Stab: Sleeping          |     1 |       |       ||     1
 Armour: Animal skin       |    13 |       |       ||    13
         Ring mail         |     3 |    11 |       ||    14
         Scale mail        |       |       |     7 ||     7
  Dodge: Dodged            |    44 |    47 |    20 ||   111
  Block: Tower shield      |    77 |    52 |    36 ||   165
